 Dungeon Crawl Stone Soup version 0.30-a0-585-g93115170b9 (webtiles) character file.

Game seed: 14019260697405693165

457 tsouns the Stinger (level 7, -2/59 HPs)
             Began as a Hill Orc Venom Mage on Jan 3, 2023.
             Was an Initiate of Okawaru.
             Slain by a gnoll
             ... wielding a +0 spear
             ... led by a gnoll bouda
              (7 damage)
             ... on level 6 of the Dungeon.
             The game lasted 00:09:24 (4965 turns).

tsouns the Stinger (Hill Orc Venom Mage)            Turns: 4965, Time: 00:09:25

Health: -2/59      AC:  3    Str: 11    XL:     7   Next: 6%
Magic:  0/10       EV: 12    Int: 17    God:    Okawaru [......]
Gold:   269        SH:  0    Dex: 11    Spells: 5/11 levels left

rFire   . . .      SeeInvis .    k - +0 long sword
rCold   . . .      Faith    .    (no shield)
rNeg    . . .      Spirit   .    a - +1 robe
rPois   .          Reflect  .    (no helmet)
rElec   .          Harm     .    (no cloak)
rCorr   .          Rampage  .    (no gloves)
Will    .....                    (no boots)
Stlth   ++                       (no amulet)
HPRegen 0.29/turn                (no ring)
MPRegen 0.12/turn                (no ring)

@: weakened, hasted, very quick
A: no striking features
a: Renounce Religion


You were on level 6 of the Dungeon.
You worshipped Okawaru.
Okawaru was noncommittal.
You visited 1 branch of the dungeon, and saw 5 of its levels.

You collected 269 gold pieces.

Inventory:

Hand Weapons
 h - a +0 club
 k - a +0 long sword (weapon)
 m - a +0 halberd
Missiles
 g - 2 poisoned darts
 p - 4 javelins
Armour
 a - a +1 robe (worn)
 n - a +0 plate armour
Scrolls
 c - 3 scrolls of teleportation
Potions
 b - a potion of magic
 i - a potion of resistance
 j - 3 potions of ambrosia
 o - a potion of flight


   Skills:
 + Level 4.2 Fighting
 + Level 2.3 Long Blades
 - Level 1.5 Dodging
 - Level 1.5 Stealth
 - Level 2.5 Spellcasting
 - Level 2.1 Transmutations
 + Level 4.3 Poison Magic


You had 5 spell levels left.
You knew the following spells:

 Your Spells              Type           Power      Damage    Failure   Level
a - Sting                 Tmut/Pois      52%        1d5       4%          1
b - Poisonous Vapours     Pois/Air       18%        N/A       12%         2
c - Mephitic Cloud        Conj/Pois/Air  7%         N/A       30%         3

Your spell library contained the following spells:

 Spells                   Type           Power      Damage    Failure   Level
 Olgreb's Toxic Radiance  Pois           16%        N/A       30%         4
 Portal Projectile        Hex/Tloc       4%         N/A       50%         3
 Leda's Liquefaction      Hex/Erth       1%         N/A       88%         4
 Call Canine Familiar     Summ           Unusable   N/A       N/A         3

Dungeon Overview and Level Annotations

Branches:
Dungeon (6/15)
 Temple: D:4-7

Altars:
Ashenzari
Dithmenos
Hepliaklqana
Okawaru
Qazlal
Trog
Yredelemnul

Annotations:
D:3 2 transporters, tilp's ghost, weakling MeFi


Message History

Confirm with . or Enter, or press ? or * to list all spells.
Aiming: Sting (safe; 4% risk of failure)
Press: ? - help, Shift-Dir - straight line, f/p - gnoll
Aim: a gnoll, wielding a +0 spear (lightly wounded, covering ground quickly, poisoned, 75% to hit)
The sting hits the gnoll bouda.
The gnoll bouda is poisoned.
The gnoll bouda is lightly wounded.
Casting: Sting (safe; 4% risk of failure)
Confirm with . or Enter, or press ? or * to list all spells.
Aiming: Sting (safe; 4% risk of failure)
Press: ? - help, Shift-Dir - straight line, f/p - gnoll
Aim: a gnoll, wielding a +0 spear (lightly wounded, covering ground quickly, poisoned, 75% to hit)
The sting hits the gnoll bouda but does no damage.
The gnoll bouda looks even sicker.
The gnoll bouda is moderately wounded.
The gnoll bouda gazes fiercely through you!
You feel your attacks grow feeble.
You hit the gnoll bouda.
The gnoll bouda is moderately wounded.
You hit the gnoll bouda.
The gnoll bouda is heavily wounded.
The gnoll looks more healthy.
The gnoll bouda gazes fiercely through you!
You feel as though you will be weak longer.
The gnoll bouda misses you. The gnoll barely misses you.
You hit the gnoll bouda.
The gnoll bouda is severely wounded.
The gnoll bouda hits you with a +0 whip.
* * * LOW HITPOINT WARNING * * *
The gnoll hits you but does no damage.
You barely miss the gnoll bouda.
The gnoll bouda is severely wounded.
The gnoll is no longer moving quickly.
The gnoll bouda calls upon its god to heal the gnoll.
The gnoll's wounds heal themselves!
The gnoll misses you.
You barely miss the gnoll bouda.
The gnoll bouda is almost dead.
The gnoll bouda hits you with a +0 whip.
* * * LOW HITPOINT WARNING * * *
The gnoll hits you from afar with a +0 spear!
You die...

#..# #...#.# #..#
#...#.# #..# ##...#.#
####..# #..#.#.#
#.....# ###..#.#.#
#.##..# #....#.#.#
#.###.# #.##.#.#.#
#.###.######.##.# #.#
##......#ggg@.##.# #.#
#..###...g######.# #.#
#.## ##.#.# #.# #.#
#.# #.#># #.# #.#
#####.#####.#.# #.#
#.###
#≈.^^..≈^...#.######.#
#...#
≈^##..§≈^#(..........#
###.#
(≈≈#..^..#.[.........#
#.#
≈§^#..§^^#.....<.....#
#.#


You could see a gnoll bouda (very poisoned) and 3 gnolls.

Vanquished Creatures
  A water moccasin (D:6)
  A bullfrog (D:6)
  2 hounds
  A jelly (D:4)
  An iguana (D:6)
  An orc wizard (D:3)
  5 gnolls
  2 adders (D:2)
  A worm (D:3)
  4 dart slugs
  7 orcs
  5 endoplasms
  2 giant cockroaches (D:2)
  4 goblins
  4 hobgoblins
  4 jackals
  6 quokkas
  8 ball pythons
  2 bats (D:1)
  4 frilled lizards
  6 kobolds
  3 rats
74 creatures vanquished.

Notes
Turn   | Place    | Note
-------+----------+-------------------------------------------
     0 | D:1      | tsouns the Hill Orc Venom Mage began the quest for the Orb.
     0 | D:1      | Reached XP level 1. HP: 14/14 MP: 3/3
   197 | D:1      | Reached XP level 2. HP: 22/22 MP: 2/4
   238 | D:1      | Reached skill level 1 in Transmutations
   324 | D:1      | Reached skill level 1 in Fighting
   795 | D:1      | Reached XP level 3. HP: 28/28 MP: 1/5
  1176 | D:1      | Learned a level 2 spell: Poisonous Vapours
  1314 | D:2      | Found a shadowy altar of Dithmenos.
  1590 | D:2      | Reached XP level 4. HP: 36/36 MP: 2/7
  2436 | D:3      | Reached XP level 5. HP: 37/42 MP: 2/8
  2747 | D:3      | Found a basalt altar of Yredelemnul.
  2841 | D:3      | Found a transporter.
  2841 | D:3      | Noticed tilp's ghost (weakling MeFi)
  2841 | D:3      | Noticed an ogre
  2841 | D:3      | Noticed an ogre
  2842 | D:3      | Found a transporter.
  2852 | D:3      | Found a faded altar of an unknown god.
  2951 | D:3      | Found a broken altar of Ashenzari.
  3439 | D:3      | Found a bloodstained altar of Trog.
  3439 | D:3      | Found an iron altar of Okawaru.
  3452 | D:3      | Became a worshipper of Warmaster Okawaru
  3726 | D:4      | Found a hazy altar of Hepliaklqana.
  3765 | D:4      | HP: 2/44 [hound (5)]
  4009 | D:4      | You fall into a shaft and drop 2 floors!
  4014 | D:6      | Learned a level 3 spell: Mephitic Cloud
  4052 | D:6      | Reached XP level 6. HP: 46/51 MP: 6/9
  4149 | D:6      | Found a stormy altar of Qazlal.
  4559 | D:6      | Reached skill level 1 in Long Blades
  4680 | D:6      | Noticed a water moccasin
  4696 | D:6      | Killed a water moccasin
  4878 | D:6      | Reached XP level 7. HP: 55/59 MP: 3/10
  4965 | D:6      | Slain by a gnoll

Illustrated notes

Levels and vault maps discovered:
D:1:      dpeg_arrival_rhombus, layout_loops_ring
D:2:      layout_loops_corners, basic_altar
D:3:      layout_loops_cross, amcnicky_altar_gilded,
          mainiacjoe_overflow_six_doors_small, grunt_temple_overflow_bloody_war,
          shapermc_ecumenical_altar_notcrosses, gammafunk_ghost_smash
D:4:      layout_basic, old_standard_altar, minmay_temple_entry_wispy,
          serial_curves, eino_curves_04, eino_curves_04, minmay_circle_x
D:6:      layout_basic, grunt_qazlal_sundering, grunt_dithmenos_smoke,
          enter_ossuary_2, chequers_serial_rivers_room_b

Skill      XL: |  1  2  3  4  5  6 |
---------------+-------------------+-----
Transmutations | 1 2 |  2.1
Fighting       | 1 2 3 4 |  4.2
Poison Magic   | 3 4 |  4.3
Spellcasting   | 2 |  2.5
Long Blades    | 2 |  2.3
Dodging        | |  1.5
Stealth        | |  1.5

Action                   |  1- 3 |  4- 6 |  7- 9 || total
-------------------------+-------+-------+-------++-------
Melee: Unarmed           |    18 |       |       ||    18
       Club              |    12 |       |       ||    12
       Long sword        |     7 |    75 |    12 ||    94
       Punch             |     1 |       |       ||     1
 Cast: Sting             |    56 |    51 |     6 ||   113
       Poisonous Vapours |     1 |    28 |     3 ||    32
  Use: Scroll            |       |    11 |       ||    11
       Potion            |       |     6 |     1 ||     7
Armor: Robe              |     4 |    16 |     2 ||    22
Dodge: Dodged            |    36 |    79 |    11 ||   126

Table legend: (Time is in decaauts)
 A = Elapsed time spent in this place.
 B = Non-inter-level travel time spent in this place.
 C = Inter-level travel time spent in this place.
 D = Time resting spent in this place.
 E = Time spent auto-exploring this place.
 F = Levels seen in this place.
 G = Mean time per level.
                   A        B        C        D        E       F      G
               +--------+--------+--------+--------+--------+-----+--------+
         Total |   4990 |   4788 |    202 |      0 |   4000 |   5 |  998.0 |
       Dungeon |   4990 |   4788 |    202 |      0 |   4000 |   5 |  998.0 |
               +--------+--------+--------+--------+--------+-----+--------+

Top non-repeatable levels by time:
     D:2: 1245 daAuts
     D:3: 1215 daAuts
     D:1: 1178 daAuts
     D:6: 974 daAuts
     D:4: 376 daAuts
